TOP OF THE 1ST |
Atlantic City Sonics batting - Pitching for Long Island Seawolves : RHP Christian Irgoyen
|
Pitching: RHP Christian Irgoyen
|
|
Batting: LHB Juan Ledezma
|
0-0: Ground out 1-3 (Groundball, P)
|
Batting: RHB Michael Walker
|
0-0: Called Strike 0-1: Ball 1-1: Ball 2-1: Swinging Strike 2-2: Foul Ball, location: 2F 2-2: Foul Ball, location: 2F 2-2: Foul Ball, location: 2F 2-2: Fly out, F8 (Flyball, 8LM)
|
Batting: RHB Phil Moore
|
0-0: Ball 1-0: SINGLE (Groundball, 34D)
|
Batting: LHB Chase Popoff
|
0-0: Ball 1-0: Foul Ball, location: 2F 1-1: Ball 2-1: Ball 3-1: Called Strike 3-2: Base on Balls Phil Moore to second
|
Batting: RHB Dam Son
|
0-0: Foul Ball, location: 2F 0-1: Ball 1-1: Ball 2-1: Fly out, F9 (Flyball, 9S)
|
Top of the 1st over - 0 run(s), 1 hit(s), 0 error(s), 2 left on base; Atlantic City 0 - Long Island 0 |
BOTTOM OF THE 1ST |
Long Island Seawolves batting - Pitching for Atlantic City Sonics : RHP José Cabrera
|
Pitching: RHP José Cabrera
|
|
Batting: SHB Josh Sanders
|
0-0: Ground out 5-3 (Groundball, 56S)
|
Batting: RHB José Olvera
|
0-0: Called Strike 0-1: Swinging Strike 0-2: Ball 1-2: Foul Ball, location: 2F 1-2: Ground out 5-3 (Groundball, 56S)
|
Batting: LHB Pedro Colón
|
0-0: Called Strike 0-1: Ball 1-1: Ball 2-1: Called Strike 2-2: Foul Ball, location: 2F 2-2: Ball 3-2: Foul Ball, location: 2F 3-2: Base on Balls
|
Batting: RHB Rob McGinnity
|
0-0: Called Strike 0-1: Ball 1-1: Ball 2-1: Ball 3-1: Foul Ball, location: 2F 3-2: Ground out 4-3 (Groundball, 34)
|
Bottom of the 1st over - 0 run(s), 0 hit(s), 0 error(s), 1 left on base; Atlantic City 0 - Long Island 0 |
TOP OF THE 2ND |
Atlantic City Sonics batting - Pitching for Long Island Seawolves : RHP Christian Irgoyen
|
Batting: LHB José Cordero
|
0-0: Swinging Strike 0-1: Bunt missed! 0-2: SINGLE (Flyball, 7S)
|
Batting: LHB Ward Wilberfoss
|
0-0: Called Strike 0-1: SINGLE (Line Drive, 4D) José Cordero to second
|
Batting: RHB David Wooderson
|
0-0: Swinging Strike 0-1: Fielders Choice at 2nd, 6-4 (Groundball, 6) José Cordero to third
|
Batting: RHB José Rodríguez
|
0-0: Ball 1-0: Ball 2-0: Called Strike 2-1: Foul Ball, location: 2F 2-2: Grounds into double play, 4-6-3 (Groundball, 4)
|
Top of the 2nd over - 0 run(s), 2 hit(s), 0 error(s), 1 left on base; Atlantic City 0 - Long Island 0 |
BOTTOM OF THE 2ND |
Long Island Seawolves batting - Pitching for Atlantic City Sonics : RHP José Cabrera
|
Batting: LHB Govaart Pleijt
|
0-0: Ball 1-0: Called Strike 1-1: Called Strike 1-2: Foul Ball, location: 2F 1-2: Foul Ball, location: 2F 1-2: Ball 2-2: Foul Ball, location: 2F 2-2: Fly out, F7 (Flyball, 7S)
|
Batting: RHB Jeff MacCamie
|
0-0: Ball 1-0: Ball 2-0: Swinging Strike 2-1: Foul Ball, location: 2F 2-2: Ball 3-2: Foul Ball, location: 2F 3-2: Foul Ball, location: 2F 3-2: Foul Ball, location: 2F 3-2: Foul Ball, location: 2F 3-2: Base on Balls
|
Batting: RHB Júlio Flores
|
0-0: Called Strike 0-1: Grounds into double play, 6-4-3 (Groundball, 6M)
|
Bottom of the 2nd over - 0 run(s), 0 hit(s), 0 error(s), 0 left on base; Atlantic City 0 - Long Island 0 |
TOP OF THE 3RD |
Atlantic City Sonics batting - Pitching for Long Island Seawolves : RHP Christian Irgoyen
|
Batting: LHB Juan Ledezma
|
0-0: Swinging Strike 0-1: Foul Ball, location: 2F 0-2: Ball 1-2: Ball 2-2: Foul Ball, location: 2F 2-2: Foul Ball, location: 2F 2-2: Foul Ball, location: 2F 2-2: Ball 3-2: SINGLE (Groundball, 34) (infield hit)
|
Batting: RHB Michael Walker
|
0-0: Ball 1-0: Called Strike 1-1: Foul Ball, location: 2F 1-2: Ball 2-2: Strikes out looking
|
Batting: RHB Phil Moore
|
0-0: Called Strike 0-1: Foul Ball, location: 2F 0-2: Ball 1-2: Fly out, F8 (Flyball, 78M)
|
Batting: LHB Chase Popoff
|
0-0: Ball 1-0: Swinging Strike 1-1: Ball 2-1: DOUBLE (Flyball, 89D) Juan Ledezma to third Runner from 3rd tries for Home, SAFE, no throw
|
Batting: RHB Dam Son
|
0-0: Ball 1-0: DOUBLE (Line Drive, 78D) Chase Popoff scores
|
Batting: LHB José Cordero
|
0-0: Called Strike 0-1: Fly out, F8 (Flyball, 8LM)
|
Top of the 3rd over - 2 run(s), 3 hit(s), 0 error(s), 1 left on base; Atlantic City 2 - Long Island 0 |
BOTTOM OF THE 3RD |
Long Island Seawolves batting - Pitching for Atlantic City Sonics : RHP José Cabrera
|
Batting: RHB José Orihvela
|
0-0: Called Strike 0-1: Foul Ball, location: 2F 0-2: Ball 1-2: Ball 2-2: Foul Ball, location: 2F 2-2: Foul Ball, location: 2F 2-2: Strikes out looking
|
Batting: RHB David Elías
|
0-0: Ball 1-0: Foul Ball, location: 2F 1-1: Ball 2-1: Ground out 6-3 (Groundball, 6)
|
Batting: SHB Josh Sanders
|
0-0: Called Strike 0-1: SINGLE (Groundball, 25) (infield hit)
|
Batting: RHB José Olvera
|
0-0: Ball Josh Sanders steals 2nd base 1-0: Ball 2-0: Called Strike 2-1: Ball 3-1: Ground out 6-3 (Groundball, 6)
|
Bottom of the 3rd over - 0 run(s), 1 hit(s), 0 error(s), 1 left on base; Atlantic City 2 - Long Island 0 |
TOP OF THE 4TH |
Atlantic City Sonics batting - Pitching for Long Island Seawolves : RHP Christian Irgoyen
|
Batting: LHB Ward Wilberfoss
|
0-0: Ball 1-0: Ball 2-0: Called Strike 2-1: Fly out, F8 (Flyball, 8LM)
|
Batting: RHB David Wooderson
|
0-0: Called Strike 0-1: Fly out, F7 (Flyball, 7LD)
|
Batting: RHB José Rodríguez
|
0-0: Hit by Pitch
|
Pitching: RHP Henri Paravicini
|
|
Batting: LHB Juan Ledezma
|
0-0: Ball 1-0: Foul Ball, location: 2F 1-1: Ball 2-1: Foul Ball, location: 2F 2-2: Strikes out swinging
|
Top of the 4th over - 0 run(s), 0 hit(s), 0 error(s), 1 left on base; Atlantic City 2 - Long Island 0 |
BOTTOM OF THE 4TH |
Long Island Seawolves batting - Pitching for Atlantic City Sonics : RHP José Cabrera
|
Batting: LHB Pedro Colón
|
0-0: Called Strike 0-1: Called Strike 0-2: Foul Ball, location: 2F 0-2: Ball 1-2: Foul Ball, location: 2F 1-2: Foul Ball, location: 2F 1-2: Ball 2-2: Strikes out swinging
|
Batting: RHB Rob McGinnity
|
0-0: Called Strike 0-1: SOLO HOME RUN (Flyball, 9D), Distance : 353 ft
|
Batting: LHB Govaart Pleijt
|
0-0: Ball 1-0: Ball 2-0: SINGLE (Groundball, 34D)
|
Batting: RHB Jeff MacCamie
|
0-0: Ball 1-0: Ball 2-0: Called Strike 2-1: SINGLE (Line Drive, 7S) Govaart Pleijt to second
|
Batting: RHB Júlio Flores
|
0-0: SINGLE (Groundball, 56D) Govaart Pleijt to third Jeff MacCamie to second Runner from 3rd tries for Home, SAFE, no throw
|
Batting: RHB José Orihvela
|
0-0: Ball 1-0: Foul Ball, location: 2F 1-1: Fly out, F9 (Flyball, 9)
|
Batting: RHB David Elías
|
0-0: SINGLE (Groundball, 56D) Jeff MacCamie to third Júlio Flores to second Runner from 3rd tries for Home, SAFE, no throw
|
Batting: SHB Josh Sanders
|
0-0: Foul Ball, location: 2F 0-1: Ball 1-1: Foul Ball, location: 2F 1-2: Foul Ball, location: 2F 1-2: SINGLE (Flyball, 6MD) Júlio Flores to third David Elías to second Runner from 3rd tries for Home, SAFE, no throw
|
Batting: RHB José Olvera
|
0-0: Fielders Choice at 2nd, 5-4 (Groundball, 56)
|
Bottom of the 4th over - 4 run(s), 6 hit(s), 0 error(s), 1 left on base; Atlantic City 2 - Long Island 4 |
TOP OF THE 5TH |
Atlantic City Sonics batting - Pitching for Long Island Seawolves : RHP Henri Paravicini
|
Batting: RHB Michael Walker
|
0-0: Called Strike 0-1: Called Strike 0-2: Foul Ball, location: 2F 0-2: Foul Ball, location: 2F 0-2: Ball 1-2: Strikes out swinging
|
Batting: RHB Phil Moore
|
0-0: SINGLE (Groundball, 34D)
|
Batting: LHB Chase Popoff
|
0-0: Ball 1-0: Called Strike 1-1: Ball 2-1: Ball 3-1: Called Strike 3-2: Foul Ball, location: 2F 3-2: Foul Ball, location: 2F 3-2: Strikes out swinging
|
Batting: RHB Dam Son
|
0-0: Ball 1-0: Fly out, F9 (Flyball, 89M)
|
Top of the 5th over - 0 run(s), 1 hit(s), 0 error(s), 1 left on base; Atlantic City 2 - Long Island 4 |
BOTTOM OF THE 5TH |
Long Island Seawolves batting - Pitching for Atlantic City Sonics : RHP José Cabrera
|
Batting: LHB Pedro Colón
|
0-0: Ground out 4-3 (Groundball, 4)
|
Batting: RHB Rob McGinnity
|
0-0: Ball 1-0: Foul Ball, location: 2F 1-1: Fly out, F8 (Flyball, 8RM)
|
Batting: LHB Govaart Pleijt
|
0-0: Called Strike 0-1: Foul Ball, location: 2F 0-2: Fly out, F8 (Flyball, 8LM)
|
Bottom of the 5th over - 0 run(s), 0 hit(s), 0 error(s), 0 left on base; Atlantic City 2 - Long Island 4 |
TOP OF THE 6TH |
Atlantic City Sonics batting - Pitching for Long Island Seawolves : RHP Henri Paravicini
|
Batting: LHB José Cordero
|
0-0: Ball 1-0: Ball 2-0: Ball 3-0: Base on Balls
|
Batting: LHB Ward Wilberfoss
|
0-0: Ball 1-0: Called Strike 1-1: Ball 2-1: Bunted foul 2-2: Ball 3-2: Foul Ball, location: 2F 3-2: Base on Balls José Cordero to second
|
Batting: RHB David Wooderson
|
0-0: Sac Bunt - play at first, batter OUT! 1-3 José Cordero to third Ward Wilberfoss to second
|
Batting: RHB José Rodríguez
|
0-0: Ball 1-0: Called Strike 1-1: Called Strike 1-2: Ball 2-2: Strikes out swinging
|
Batting: LHB Juan Ledezma
|
0-0: SINGLE (Line Drive, 8LS) José Cordero scores Ward Wilberfoss to third Runner from 3rd tries for Home, SAFE, no throw
|
Batting: RHB Michael Walker
|
0-0: Ball 1-0: Fly out, F7 (Flyball, 78M)
|
Top of the 6th over - 2 run(s), 1 hit(s), 0 error(s), 1 left on base; Atlantic City 4 - Long Island 4 |
BOTTOM OF THE 6TH |
Long Island Seawolves batting - Pitching for Atlantic City Sonics : RHP José Cabrera
|
Batting: RHB Jeff MacCamie
|
0-0: Foul Ball, location: 2F 0-1: Called Strike 0-2: Ball 1-2: Strikes out swinging
|
Batting: RHB Júlio Flores
|
0-0: Called Strike 0-1: Called Strike 0-2: Foul Ball, location: 2F 0-2: Ball 1-2: Ball 2-2: Fly out, F8 (Flyball, 8LM)
|
Batting: RHB José Orihvela
|
0-0: Called Strike 0-1: Foul Ball, location: 2F 0-2: Ball 1-2: Hit by Pitch
|
Batting: RHB David Elías
|
0-0: Called Strike 0-1: Ball 1-1: Ball 2-1: Foul Ball, location: 2F 2-2: Ground out 4-3 (Groundball, 4)
|
Bottom of the 6th over - 0 run(s), 0 hit(s), 0 error(s), 1 left on base; Atlantic City 4 - Long Island 4 |
TOP OF THE 7TH |
Atlantic City Sonics batting - Pitching for Long Island Seawolves : RHP Henri Paravicini
|
Batting: RHB Phil Moore
|
0-0: Called Strike 0-1: Ball 1-1: Fly out, F8 (Flyball, 8RD)
|
Batting: LHB Chase Popoff
|
0-0: Ball 1-0: Ball 2-0: Foul Ball, location: 2F 2-1: Foul Ball, location: 2F 2-2: Ball 3-2: SOLO HOME RUN (Flyball, 9D), Distance : 433 ft
|
Pitching: RHP Fernando Júlio
|
|
Batting: RHB Dam Son
|
0-0: Ball 1-0: SINGLE (Line Drive, 5D)
|
Batting: LHB José Cordero
|
0-0: Foul Ball, location: 2F 0-1: Foul Ball, location: 2F 0-2: Foul Ball, location: 2F 0-2: Foul Ball, location: 2F 0-2: Foul Ball, location: 2F 0-2: Ball 1-2: Ball 2-2: Foul Ball, location: 2F 2-2: Fly out, F8 (Flyball, 8RM)
|
Batting: LHB Ward Wilberfoss
|
0-0: Fly out, F5 (Line Drive, 56)
|
Top of the 7th over - 1 run(s), 2 hit(s), 0 error(s), 1 left on base; Atlantic City 5 - Long Island 4 |
BOTTOM OF THE 7TH |
Long Island Seawolves batting - Pitching for Atlantic City Sonics : RHP José Cabrera
|
Batting: SHB Josh Sanders
|
0-0: Called Strike 0-1: Ball 1-1: Called Strike 1-2: Strikes out swinging
|
Batting: RHB José Olvera
|
0-0: Ball 1-0: Ground out 6-3 (Groundball, 56)
|
Batting: LHB Pedro Colón
|
0-0: Foul Ball, location: 2F 0-1: Ground out U3 (Groundball, 3)
|
Bottom of the 7th over - 0 run(s), 0 hit(s), 0 error(s), 0 left on base; Atlantic City 5 - Long Island 4 |
TOP OF THE 8TH |
Atlantic City Sonics batting - Pitching for Long Island Seawolves : RHP Fernando Júlio
|
Batting: RHB David Wooderson
|
0-0: Called Strike 0-1: Foul Ball, location: 2F 0-2: Ball 1-2: Ground out U3 (Groundball, 34)
|
Batting: RHB José Rodríguez
|
0-0: Foul Ball, location: 2F 0-1: Called Strike 0-2: Strikes out swinging
|
Batting: LHB Juan Ledezma
|
0-0: Called Strike 0-1: SINGLE (Line Drive, 6M)
|
Pinch Hitting: LHB Russ Hanneman
|
0-0: Ball 1-0: Swinging Strike 1-1: Ball 2-1: Swinging Strike 2-2: Foul Ball, location: 2F 2-2: SINGLE (Groundball, 4MD) Juan Ledezma to second Runner from 2nd tries for 3rd, SAFE, no throw
|
Batting: RHB Phil Moore
|
0-0: Called Strike 0-1: Fly out, F9 (Flyball, 89S)
|
Top of the 8th over - 0 run(s), 2 hit(s), 0 error(s), 2 left on base; Atlantic City 5 - Long Island 4 |
BOTTOM OF THE 8TH |
Long Island Seawolves batting - Pitching for Atlantic City Sonics : RHP José Cabrera
|
Pitching: LHP Nees Bogermans
|
|
Now in RF: Jorge Figueroa
|
|
Batting: RHB Rob McGinnity
|
0-0: Foul Ball, location: 2F 0-1: Called Strike 0-2: Ball 1-2: Ball 2-2: Foul Ball, location: 2F 2-2: SINGLE (Groundball, 56S) (infield hit)
|
Pinch Hitting: RHB Armando Rey
|
0-0: Foul Ball, location: 2F 0-1: Fly out, F9 (Flyball, 9S)
|
Batting: RHB Jeff MacCamie
|
0-0: Called Strike 0-1: Called Strike 0-2: Strikes out swinging
|
Pinch Hitting: RHB Mark Shoffner
|
0-0: Ball 1-0: Called Strike 1-1: Called Strike 1-2: Strikes out looking
|
Bottom of the 8th over - 0 run(s), 1 hit(s), 0 error(s), 1 left on base; Atlantic City 5 - Long Island 4 |
TOP OF THE 9TH |
Atlantic City Sonics batting - Pitching for Long Island Seawolves : RHP Fernando Júlio
|
Pitching: LHP Powell Beauregard
|
|
Now at SS: Mark Shoffner
|
|
Now in CF: Denis Jerningham
|
|
Batting: LHB Chase Popoff
|
0-0: Swinging Strike 0-1: Ball 1-1: Called Strike 1-2: Ground out 3-1 (Groundball, 34)
|
Batting: RHB Dam Son
|
0-0: Called Strike 0-1: Called Strike 0-2: Ball 1-2: Strikes out looking
|
Batting: LHB José Cordero
|
0-0: SINGLE (Flyball, 78S)
|
Pinch Hitting: RHB Eddie McDoom
|
0-0: Swinging Strike 0-1: Ground out 5-3 (Groundball, 56S)
|
Top of the 9th over - 0 run(s), 1 hit(s), 0 error(s), 1 left on base; Atlantic City 5 - Long Island 4 |
BOTTOM OF THE 9TH |
Long Island Seawolves batting - Pitching for Atlantic City Sonics : LHP Nees Bogermans
|
Pitching: RHP Kenny Powers
|
|
Now in LF: Cristián Alfonso
|
|
Pinch Hitting: SHB Fernando Pineda
|
0-0: Ball 1-0: Ball 2-0: Foul Ball, location: 2F 2-1: Called Strike 2-2: Ground out 4-3 (Groundball, 4S)
|
Pinch Hitting: LHB Roberto Valle
|
0-0: Ball 1-0: Ball 2-0: Ball 3-0: Base on Balls
|
Pinch Runner at 1st Andrés Aguilar:
|
|
Batting: SHB Josh Sanders
|
0-0: Ball 1-0: Grounds into double play, 4-6-3 (Groundball, 34)
|
Bottom of the 9th over - 0 run(s), 0 hit(s), 0 error(s), 0 left on base; Atlantic City 5 - Long Island 4 |
|